 Dungeon Crawl Stone Soup version 0.30.0-29-ga12c61a403 (webtiles) character file.

Game seed: 12437814558827712921

629702 monsoonserge the Conqueror (level 26, -4/266 HPs)
             Began as a Minotaur Fighter on June 5, 2023.
             Was an Initiate of Gozag.
             Killed from afar by a hellion (14 damage)
             ... with damnation
             ... summoned by Asmodeus
             ... on level 7 of Gehenna on June 6, 2023.
             The game lasted 07:22:29 (79328 turns).

monsoonserge the Conqueror (Minotaur Fighter)      Turns: 79328, Time: 07:22:31

Health: -4/266     AC: 50    Str: 42    XL:     26   Next: 17%
Magic:  22/22      EV: 12    Int:  8    God:    Gozag
Gold:   19501      SH: 36    Dex: 16    Spells: 25/25 levels left

rFire   + + +        a - +11 war axe of the Bedazzling Enemy {heavy, *Corrode +Blink rF++ Str+3}
rCold   + . .        R - +11 tower shield of Hedge Wizardry {Will++ Stlth+}
rNeg    + . .        I - +8 orange crystal plate armour {Archmagi, Int+3 Clar}
rPois   +            P - +1 hat of Miracles {Str+4}
rElec   +            Q - +1 cloak {rF+}
rCorr   +            e - +3 Mad Mage's Maulers {Infuse+∞ VampMP -Cast}
SInv    .            M - +3 pair of mountain boots {steadfast, rC+}
Will    +++..        Z - amulet of the Air {Inacc Air Fly rElec RMsl} Stlth
                     l - ring of the Battered Ships {rCorr Str+2 Dex+6}
HPRegen 0.64/turn    t - ring of False Pretenses {Fly rPois rN+}
MPRegen 0.18/turn

%: no spellcasting, corrode self (3%), repel missiles, clarity, archmagi, infuse
magic (22 MP)
@: on blink cooldown, flying, hasted, studying 2 skills, unable to read, very
quick
A: horns 2, retaliatory headbutt, fire resistance 1
}: 5/15 runes: decaying, serpentine, slimy, silver, abyssal
a: Renounce Religion, Evoke Blink, Potion Petition, Call Merchant, Bribe Branch


You were on level 7 of Gehenna.
You worshipped Gozag.
Gozag was extremely pleased with you.
You visited 13 branches of the dungeon, and saw 57 of its levels.
You visited the Abyss 4 times.
You also visited: Bailey and Ice Cave.

You collected 30940 gold pieces.
You spent 6545 gold pieces at shops.
You paid 4894 gold pieces to Gozag.

Inventory:

Hand Weapons
 a - the +11 war axe of the Bedazzling Enemy (weapon) {heavy, *Corrode +Blink rF++ Str+3}
   (You found it on level 5 of the Vaults)

   Str:       It affects your strength (+3).
   rF:        It greatly protects you from fire.
   +Blink:    It lets you blink.
   *Corrode:  It may corrode you when you take damage.
 b - the +5 demon whip "Spellbinder" {antimagic, disrupt, Will+}
   (You found it on level 2 of the Lair of Beasts)

   Will:      It increases your willpower.
Missiles
 o - 11 curare-tipped darts
 O - 6 boomerangs of dispersal
 V - 5 silver javelins (quivered)
 W - 11 atropa-tipped darts
Armour
 e - the +3 Mad Mage's Maulers (worn) {Infuse+∞ VampMP -Cast}
   (You found it on level 5 of the Vaults)

   Infuse+∞: It empowers its wearer's blows with all of their magic.
   VampMP:    Blows struck in melee replenish the wearer's magic.
   -Cast:     It prevents spellcasting.
 I - the +8 orange crystal plate armour (worn) {Archmagi, Int+3 Clar}
   (You bought it in a shop on level 11 of the Dungeon)

   Int:       It affects your intelligence (+3).
   Clar:      It protects you from confusion, rage, mesmerisation and fear.
 M - the +3 pair of mountain boots (worn) {steadfast, rC+}
   (You bought it in a shop on level 2 of the Orcish Mines)

   Steadfast: It prevents involuntary movement, except for blinking,
   teleportation, or banishment.
   rC:        It protects you from cold.
 P - the +1 hat of Miracles (worn) {Str+4}
   (You found it on level 3 of the Elven Halls)

   Str:       It affects your strength (+4).
 Q - a +1 cloak of fire resistance (worn)
 R - the +11 tower shield of Hedge Wizardry (worn) {Will++ Stlth+}
   (You bought it in a shop on level 11 of the Dungeon)

   Will:      It greatly increases your willpower.
   Stlth:     It makes you more stealthy.
Jewellery
 i - the ring "Coiss" {rPois rF+ Slay+2}
   (You found it on level 1 of the Lair of Beasts)

   [ring of poison resistance]

   Slay:      It affects your accuracy & damage with ranged weapons and melee
   (+2).
   rF:        It protects you from fire.
   rPois:     It protects you from poison.
 l - the ring of the Battered Ships (left hand) {rCorr Str+2 Dex+6}
   (You found it on level 1 of the Depths)

   [ring of resist corrosion]

   Str:       It affects your strength (+2).
   Dex:       It affects your dexterity (+6).
   rCorr:     It protects you from acid and corrosion.
 q - a ring of see invisible
 r - the ring "Rul Jock" {EV+5 Dex+4}
   (You took it off a fire giant on level 7 of Gehenna)

   [ring of evasion]

   EV:        It affects your evasion (+5).
   Dex:       It affects your dexterity (+4).
 t - the ring of False Pretenses (right hand) {Fly rPois rN+}
   (You took it off a deep elf annihilator on level 3 of the Elven Halls)

   [ring of flight]

   rPois:     It protects you from poison.
   rN:        It protects you from negative energy.
   Fly:       It grants you flight.
 w - the ring of Tuwno {rPois rC+ Dex+6}
   (You found it on level 5 of the Pits of Slime)

   [ring of dexterity]

   Dex:       It affects your dexterity (+6).
   rC:        It protects you from cold.
   rPois:     It protects you from poison.
 x - the amulet of Leqarog {Reflect Harm rPois SH+5}
   (You found it on level 7 of Gehenna)

   [amulet of reflection]

   It reflects blocked missile attacks.
   rPois:     It protects you from poison.
   SH:        It affects your SH (+5).
   Harm:      It increases damage dealt and taken.
 E - the ring "Odep" {Drain Fly rElec rN++ Dex+6}
   (You found it on level 5 of the Pits of Slime)

   [ring of dexterity]

   Dex:       It affects your dexterity (+6).
   rElec:     It insulates you from electricity.
   rN:        It greatly protects you from negative energy.
   Fly:       It grants you flight.
   Drain:     It drains your maximum health when unequipped.
 J - the ring of Kitui {rPois Will+ Str+6 Int+2}
   (You found it on level 3 of the Elven Halls)

   [ring of willpower]

   Str:       It affects your strength (+6).
   Int:       It affects your intelligence (+2).
   rPois:     It protects you from poison.
   Will:      It increases your willpower.
 Z - the amulet of the Air (around neck) {Inacc Air Fly rElec RMsl}
   (You bought it in a shop on level 4 of the Snake Pit)

   [amulet of nothing]

   Inacc:     It reduces the accuracy of your attacks and spells.
   Air:       It enhances your air magic.
   rElec:     It insulates you from electricity.
   Fly:       It grants you flight.
   RMsl:      It protects you from missiles.
Wands
 p - a wand of flame (23)
 u - a wand of polymorph (21)
 C - a wand of mindburst (40)
 F - a wand of digging (13)
 L - a wand of quicksilver (69)
 S - a wand of charming (61)
 T - a wand of roots (45)
Scrolls
 k - a scroll of poison
Potions
 d - 11 potions of might
 f - 4 potions of lignification
 h - 2 potions of resistance
 j - 8 potions of heal wounds
 m - 8 potions of berserk rage
 n - 6 potions of cancellation
 v - 4 potions of haste
 A - a potion of invisibility
 D - 27 potions of curing
 G - 13 potions of attraction
 H - 5 potions of mutation
 U - 5 potions of ambrosia
Miscellaneous
 c - a lightning rod (4/4)
 g - a phial of floods
 s - the horn of Geryon
 z - a phantom mirror (inert)
 Y - a tin of tremorstones (2/2)


   Skills:
 O Level 27 Fighting
 * Level 20.8(26.3) Axes
 - Level 24.2(27) Maces & Flails
 - Level 12.9(18.3) Polearms
 - Level 11.0 Ranged Weapons
 + Level 6.0 Throwing
 + Level 22.4 Armour
 + Level 7.2 Dodging
 - Level 5.6 Stealth
 O Level 27 Shields
 * Level 11.4 Evocations


You had 25 spell levels left.
You didn't know any spells.
Your spell library contained the following spells:

 Spells                   Type           Power      Damage    Failure   Level
 Kiss of Death            Conj/Necr      0%         2d5       89%         1
 Magic Dart               Conj           0%         1d3       89%         1
 Sandblast                Erth           0%         2d4       89%         1
 Shock                    Conj/Air       0%         1d3       89%         1
 Sting                    Tmut/Pois      0%         1d3       89%         1
 Blink                    Tloc           0%         N/A       96%         2
 Call Imp                 Summ           0%         N/A       96%         2
 Cigotuvi's Dreadful Rot  Necr/Pois/Air  0%         N/A       96%         2
 Ensorcelled Hibernation  Hex/Ice        0%         N/A       96%         2
 Lesser Beckoning         Tloc           0%         N/A       96%         2
 Momentum Strike          Conj/Tloc      0%         3d8       96%         2
 Passwall                 Tmut/Erth      0%         N/A       96%         2
 Poisonous Vapours        Pois/Air       0%         N/A       96%         2
 Searing Ray              Conj           0%         2d4       96%         2
 Static Discharge         Conj/Air       0%         2-2/arc   96%         2
 Sublimation of Blood     Necr           0%         N/A       96%         2
 Confusing Touch          Hex            0%         N/A       99%         3
 Dazzling Flash           Conj/Hex       0%         N/A       99%         3
 Gell's Gravitas          Tloc           0%         N/A       99%         3
 Ignite Poison            Fire/Tmut/Pois 0%         N/A       99%         3
 Inner Flame              Hex/Fire       0%         N/A       99%         3
 Mephitic Cloud           Conj/Pois/Air  0%         N/A       99%         3
 Ozocubu's Armour         Ice            0%         N/A       99%         3
 Portal Projectile        Hex/Tloc       0%         N/A       99%         3
 Spider Form              Tmut/Pois      0%         N/A       99%         3
 Stone Arrow              Conj/Erth      0%         3d7       99%         3
 Teleport Other           Tloc           0%         N/A       99%         3
 Tukima's Dance           Hex            0%         N/A       99%         3
 Vampiric Draining        Necr           0%         2d6       99%         3
 Volatile Blastmotes      Fire/Tloc      0%         2d10      99%         3
 Airstrike                Air            0%         2d(0-16)  100%        4
 Anguish                  Hex/Necr       0%         N/A       100%        4
 Animate Armour           Summ/Erth      0%         N/A       100%        4
 Dispel Undead            Necr           0%         3d6       100%        4
 Flame Wave               Conj/Fire      0%         2d4       100%        4
 Fulminant Prism          Conj/Hex       0%         3d5       100%        4
 Iskenderun's Mystic Bla  Conj/Tloc      0%         2d3       100%        4
 Leda's Liquefaction      Hex/Erth       0%         N/A       100%        4
 Manifold Assault         Tloc           0%         N/A       100%        4
 Olgreb's Toxic Radiance  Pois           0%         N/A       100%        4
 Passage of Golubria      Tloc           0%         N/A       100%        4
 Petrify                  Tmut/Erth      0%         N/A       100%        4
 Sticky Flame             Conj/Fire      0%         2d3       100%        4
 Summon Lightning Spire   Summ/Air       0%         N/A       100%        4
 Agony                    Necr           0%         N/A       100%        5
 Alistair's Intoxication  Tmut/Pois      0%         N/A       100%        5
 Arcjolt                  Conj/Air       0%         1d10      100%        5
 Blade Hands              Tmut           0%         N/A       100%        5
 Borgnjor's Vile Clutch   Necr/Erth      0%         N/A       100%        5
 Freezing Cloud           Conj/Ice/Air   0%         6-21      100%        5
 Irradiate                Conj/Tmut      0%         3d11      100%        5
 Iskenderun's Battlesphe  Conj           0%         2d6       100%        5
 Lee's Rapid Deconstruct  Erth           0%         3d4*      100%        5
 Metabolic Englaciation   Hex/Ice        0%         N/A       100%        5
 Summon Forest            Summ/Tloc      0%         N/A       100%        5
 Yara's Violent Unravell  Hex/Tmut       0%         3d3       100%        5
 Conjure Ball Lightning   Conj/Air       0%         3x3d6     100%        6
 Death Channel            Necr           0%         N/A       100%        6
 Dispersal                Tloc           0%         N/A       100%        6
 Eringya's Noxious Bog    Tmut/Pois      0%         N/A       100%        6
 Iron Shot                Conj/Erth      0%         9d1       100%        6
 Starburst                Conj/Fire      0%         6d3       100%        6
 Statue Form              Tmut/Erth      0%         N/A       100%        6
 Haunt                    Necr/Summ      0%         N/A       100%        7
 Malign Gateway           Summ/Tloc      0%         N/A       100%        7
 Ozocubu's Refrigeration  Ice            0%         4d7       100%        7
 Spellforged Servitor     Conj/Summ      0%         N/A       100%        7
 Storm Form               Tmut/Air       0%         N/A       100%        7
 Disjunction              Tloc           0%         N/A       100%        8
 Infestation              Necr           0%         N/A       100%        8
 Summon Horrible Things   Summ           0%         N/A       100%        8
 Chain Lightning          Conj/Air       0%         N/A       100%        9
 Animate Dead             Necr           Unusable   N/A       N/A         4
 Simulacrum               Ice/Necr       Unusable   N/A       N/A         6

Dungeon Overview and Level Annotations

Branches:
Dungeon (15/15)            Temple (1/1) D:5            Lair (5/5) D:11
  Swamp (4/4) Lair:3        Snake (4/4) Lair:3        Slime (5/5) Lair:4
    Orc (2/2) D:11            Elf (3/3) Orc:2        Vaults (5/5) D:13
  Crypt (1/3) Vaults:2     Depths (4/4) D:15           Hell (visited)
    Dis (0/7) Hell            Geh (7/7) Hell            Coc (0/7) Hell
    Tar (0/7) Hell            Zot (0/5) Depths:4     Bailey (visited)
  IceCv (visited)

Altars:
Cheibriados
Dithmenos
Elyvilon
Fedhas
Gozag
Hepliaklqana
Kikubaaqudgha
Makhleb
Nemelex Xobeh
Okawaru
Qazlal
Ru
Sif Muna
Trog
Uskayaw
Vehumet
Wu Jian
Xom
Yredelemnul
Zin
The Shining One
Jiyva

Shops:
D:2 [   D:11 ![[[   Orc:2 [?*(   Elf:2 =   Elf:3 ?*   Lair:4 ?   Snake:4 ::=
Vaults:1 *   Vaults:2 [   Vaults:3 [[([   Vaults:5 ?!   Depths:2 ?=[::
Depths:3 *

Portals:
Hell: Depths:1 Depths:2 Depths:3 Depths:4
Abyss: Depths:1 Depths:3
Pandemonium: Depths:2
Ziggurat: Depths:1

Annotations:
Swamp:1 Roxanne
Geh:7 Asmodeus


Innate Abilities, Weirdness & Mutations

You have a pair of horns on your head.
You reflexively headbutt those who attack you in melee.
Your flesh is heat resistant. (rF+)


Message History

You reflect Asmodeus with the mirror!
The mirror clouds!
Asmodeus gestures.
You feel yourself speed up.
The hellion is engulfed in blazing flames.
The hellion gestures at you.
The sphere of damnation explodes!
The damnation engulfs you!
The damnation engulfs the hellion.
The hellion completely resists.
The damnation engulfs the hellion.
The hellion completely resists.
The hellion gestures at you.
The sphere of damnation explodes!
The damnation engulfs you!!!
* * * LOW HITPOINT WARNING * * *
The damnation engulfs the hellion.
The hellion completely resists.
The damnation engulfs the hellion.
The hellion completely resists.
Asmodeus hits something but does no damage.
The Brimstone Fiend gestures at you.
The sphere of damnation explodes!
The damnation engulfs the hellion.
The hellion completely resists.
The damnation engulfs you!!!
* * * LOW HITPOINT WARNING * * *
The damnation engulfs the hellion.
The hellion completely resists.
The damnation engulfs Asmodeus.
Asmodeus completely resists.
The damnation engulfs the Brimstone Fiend.
The Brimstone Fiend completely resists.
You feel much better.
Press: ? - help, v - describe, . - travel
Here: Asmodeus, wielding the +13 sceptre of Asmodeus (flame, surrounded by flames) Ashen ground.
Unknown command.
Unknown command.
Okay, then.
You blink.
The hellion gestures at you.
The sphere of damnation explodes!
The damnation engulfs you!
* * * LOW HITPOINT WARNING * * *
The hellion gestures at you.
The sphere of damnation explodes!
The damnation engulfs you!!
* * * LOW HITPOINT WARNING * * *
The hellion gestures at you.
The sphere of damnation explodes!
The damnation engulfs you!
You die...
Your body crumbles into a pile of gold.

≈≈§§###'##≈§≈§§≈§§§≈≈≈≈#
≈≈≈§≈≈#.#≈§≈§§§≈v§≈≈≈§§§
≈≈§§≈≈...§≈≈≈§§§≈≈§§§≈§≈
≈≈≈≈≈≈...§§§§≈§≈≈§≈≈v§§§
§§§≈§§#.#§≈≈≈≈≈§§§≈§≈v§≈
§§≈≈≈≈...§≈≈≈§≈§§§§§≈§§≈
≈§≈§≈≈...≈≈≈≈≈§≈≈≈≈§§§v≈
≈§≈≈≈≈#.#§≈≈≈≈§≈≈≈≈§≈≈§§
≈≈≈≈###@###≈≈≈§≈§≈§§§§≈≈
#§≈≈###...###§≈§≈≈§######
#§§###.....###≈≈≈≈§#.....
#§≈##..#.#..##§≈≈≈≈#.....
§§##.......##≈≈≈≈§#..##.
#≈≈##.......##≈≈≈≈≈#.. .
##≈≈##..#.#..##§§≈§ ##≈≈
##.22..## ≈§≈§ ##≈
##§○☼## #


You could see 2 hellions.

Vanquished Creatures
  the Royal Jelly (Slime:5)
  2 dread liches
  4 ancient liches
  the Lernaean hydra (Swamp:4)
  Geryon (Hell)
  2 bone dragons (Depths:4)
  8 Brimstone Fiends
  2 hellephants
  A tentacled monstrosity (Vaults:5)
  Zenata (Elf:3)
  2 liches (Depths:3)
  5 titans
  A deep elf blademaster (Elf:2)
  26 searing wretches
  A deep elf master archer (Elf:3)
  2 ancient champions
  6 sphinxes
  Kirke (D:15)
  16 acid blobs
  The ghost of Jeyniew the Grappler, an adept TrMo of Nemelex Xobeh (Elf:3)
  6 tentacled starspawn
  A thorn hunter (Swamp:3)
  6 tengu reavers
  2 shadow dragons
  A storm dragon (Depths:4)
  2 draconian knights (Depths:4)
  11 rockslimes
  8 azure jellies
  20 fire giants
  6 frost giants
  3 fenstrider witches (Swamp:3)
  5 nagarajas
  28 balrugs
  18 vault wardens
  13 deep elf sorcerers
  3 iron dragons
  A draconian shifter (Depths:4)
  19 ironbound preservers
  2 orc warlords
  A deep elf elementalist (Elf:3)
  2 spriggan defenders (Depths:4)
  7 reapers
  3 war gargoyles
  An ophan (Abyss:3)
  11 quicksilver oozes
  9 ironbound thunderhulks
  18 stone giants
  2 green draconians (Depths:4)
  28 very ugly things
  3 vampire knights
  9 dire elephants
  A red draconian (Depths:4)
  7 eleionomae
  3 purple draconians (Depths:4)
  Nessos (D:13)
  8 deep elf demonologists
  2 white draconians
  8 deep elf annihilators
  7 spark wasps
  6 ettins
  6 fire dragons
  4 bunyips
  A merfolk javelineer (Depths:1)
  A blizzard demon (Depths:1)
  Josephine (D:11)
  2 crystal guardians (Vaults:4)
  6 deep elf death magi
  A green death (Depths:2)
  17 yaktaur captains
  3 jiangshi (Depths:3)
  9 deep elf high priests
  44 vault guards
  21 hydras
  Fannar (Lair:1)
  2 entropy weavers (Vaults:2)
  8 great orbs of eyes
  7 salamander tyrants
  A spectral tengu (Depths:1)
  6 ghost crabs
  5 rakshasas
  4 spriggan air magi
  8 catoblepae
  2 peacekeepers (Vaults:4)
  12 ironbound frosthearts
  2 death knights
  5 hell beasts
  6 anacondas
  5 ogre magi
  15 ice dragons
  16 stokers
  21 centaur warriors
  9 alligators
  16 naga warriors
  12 boulder beetles
  31 dancing weapons
  2 satyrs (Abyss:4)
  13 two-headed ogres
  9 death yaks
  3 deep troll shamans
  3 deep troll earth magi
  2 tengu warriors
  A death yak (shapeshifter) (D:13)
  37 hell hogs
  8 soul eaters
  4 orc high priests
  12 naga sharpshooters
  5 thrashing horrors
  22 deep elf knights
  7 shock serpents
  Nergalle (D:11)
  2 iron trolls
  A storm dragon zombie (Hell)
  4 vampire magi
  A spriggan berserker (Depths:1)
  The ghost of Lance11888 the Cudgeller, a novice AtHs (D:8)
  Sonja (D:11)
  2 salamander mystics
  12 hell knights
  15 sun demons
  8 skeletal warriors
  4 wretched stars
  3 sixfirhies (Depths:2)
  A skyshark (Lair:2)
  A fire crab (shapeshifter) (D:15)
  A spatial maelstrom (Abyss:4)
  3 goliath frogs
  42 deep trolls
  A spriggan druid (Swamp:3)
  A death drake (Abyss:4)
  A deep troll (shapeshifter) (Vaults:4)
  2 glowing orange brains
  13 swamp dragons
  19 deep elf archers
  11 bog bodies
  A spriggan simulacrum (Crypt:1)
  A flayed ghost (Depths:3)
  11 lindwurms
  An orange crystal statue (IceCv)
  8 naga ritualists
  10 orc knights
  15 wizards
  26 deep elf pyromancers
  6 phantasmal warriors
  17 ironbound convokers
  9 necromancers
  5 harpies (Vaults:1)
  49 ugly things
  6 manticores
  2 mana vipers
  11 cyclopes
  33 deep elf zephyrmancers
  10 orc sorcerers
  A fire giant zombie (Vaults:2)
  A wolf spider (shapeshifter) (Elf:3)
  A worldbinder (Abyss:4)
  6 shining eyes
  3 wolf spiders (Lair:2)
  19 salamanders
  2 manticores (shapeshifter)
  2 will-o-the-wisps
  A fire giant skeleton (Vaults:2)
  An elephant (Lair:1)
  18 vault sentinels
  3 molten gargoyles (Depths:1)
  29 black mambas
  6 centaur zombies (D:11)
  3 guardian serpents
  2 rust devils (Depths:2)
  3 orange demons
  2 apocalypse crabs (Abyss:4)
  15 smoke demons
  A gargoyle (D:13)
  4 eyes of devastation
  16 naga magi
  2 ice statues (Elf:3)
  10 cane toads
  2 freezing wraiths
  A kobold demonologist (D:13)
  11 centaur skeletons
  An unseen horror (D:12)
  5 hellions
  Maggie (D:6)
  A dire elephant skeleton (Hell)
  An efreet (D:12)
  10 rime drakes
  37 yaktaurs
  An anaconda simulacrum (Crypt:1)
  6 komodo dragons
  2 ancient zymes (Abyss:4)
  2 tormentors (Depths:2)
  2 ice devils (Depths:2)
  7 tengu conjurers
  8 polar bears
  3 human zombies
  3 meliai (D:14)
  2 trolls (shapeshifter)
  2 red devils
  2 human skeletons
  3 hydra zombies (Hell)
  8 trolls
  3 hellwings (Depths:2)
  4 tyrant leeches
  9 hornets
  A bloated husk (Swamp:3)
  A meliai (shapeshifter) (D:15)
  Grinder (D:6)
  2 hydra skeletons (Hell)
  3 harpy skeletons
  2 raiju (Abyss:4)
  10 blink frogs
  18 dream sheep (Lair:3)
  An alligator zombie (Hell)
  A dream sheep (shapeshifter) (Vaults:5)
  5 air elementals
  137 slime creatures
  An alligator skeleton (Hell)
  A jumping spider (Lair:2)
  A culicivora (shapeshifter) (Elf:2)
  6 flying skulls
  A jumping spider (shapeshifter) (Elf:1)
  3 centaur simulacra
  6 wyverns
  63 yaks
  2 ynoxinuls
  A dire elephant simulacrum (Abyss:3)
  19 water elementals
  6 wraiths
  8 spriggans
  2 vampires
  3 shadows
  4 hogs (D:15)
  3 fire elementals
  8 basilisks
  12 starcursed masses
  A yak (shapeshifter) (Elf:2)
  8 golden eyes
  A chaos spawn (Depths:2)
  7 large abominations (Abyss:3)
  A neqoxec (Abyss:4)
  An elf simulacrum (Vaults:2)
  2 redbacks
  3 steam dragons
  13 vampire mosquitoes
  6 small abominations
  Menkaure (D:6)
  14 swamp worms
  5 wargs
  3 spatial vortices (Abyss:4)
  40 nagas
  2 acid dragons
  10 water moccasins
  8 swamp drakes
  A floating eye (Depths:4)
  5 hell hounds (Hell)
  A sky beast (D:7)
  2 ice beasts
  34 orc warriors
  2 black bears
  12 wolves
  A boggart (Elf:1)
  15 ogres
  20 centaurs
  2 phantoms
  6 kobold brigands
  6 scorpions (D:5)
  8 bullfrogs
  2 earth elementals (Elf:2)
  7 gnoll sergeants
  13 wights
  21 killer bees
  7 electric eels
  4 howler monkeys
  7 lava snakes
  4 jellies
  2 quasits
  16 orc priests
  A gnoll bouda (D:6)
  5 iron imps (Geh:1)
  A sleepcap (D:6)
  3 iguanas
  35 orc wizards
  5 hell rats (Lair:3)
  A howler monkey zombie (D:11)
  11 gnolls
  10 adders
  2 shadow imps
  4 white imps
  An ufetubus (D:7)
  3 worms
  2 dart slugs
  80 orcs
  9 bats
  9 endoplasms
  2 giant cockroaches (D:1)
  23 goblins
  11 hobgoblins
  12 jackals
  19 kobolds
  2 quokkas
  5 ball pythons
  3 frilled lizards
  5 rats
  2 creeping infernos
  25 fire vortices
  2 starspawn tentacles (Abyss:4)
2423 creatures vanquished.

Vanquished Creatures (collateral kills)
  A rakshasa (D:15)
  An ironbound frostheart (Vaults:4)
  A wizard (Depths:3)
  A necromancer (Vaults:5)
  A blink frog (Lair:4)
  A starcursed mass (Abyss:4)
6 creatures vanquished.

Vanquished Creatures (others)
  A tengu reaver (Vaults:5)
  A fire giant (Geh:1)
  A frost giant (IceCv)
  A vault warden (Vaults:3)
  An ironbound preserver (Vaults:4)
  A deep elf annihilator (Elf:3)
  A hydra (Swamp:4)
  An alligator (Swamp:2)
  A naga sharpshooter (Snake:2)
  A deep elf knight (Elf:1)
  A salamander mystic (Snake:4)
  2 deep elf archers (Elf:3)
  A deep elf pyromancer (Elf:1)
  2 wizards
  An ugly thing (D:15)
  A smoke demon (Depths:3)
  4 bloated husks
  A water elemental (Elf:2)
  A large abomination (Abyss:3)
  A naga (Snake:1)
  2 small abominations (Abyss:4)
  4 orc wizards
  6 orcs
  4 creeping infernos
  2 fire vortices
  6 foxfires
  A lurking horror (Abyss:4)
  8 starspawn tentacles
58 creatures vanquished.

Grand Total: 2487 creatures vanquished

Notes
Turn   | Place    | Note
-------+----------+-------------------------------------------
     0 | D:1      | monsoonserge the Minotaur Fighter began the quest for the
                  | Orb.
     0 | D:1      | Reached XP level 1. HP: 19/19 MP: 0/0
   102 | D:1      | Reached XP level 2. HP: 25/27 MP: 1/1
   167 | D:1      | Reached XP level 3. HP: 33/33 MP: 2/2
   674 | D:2      | Found Xeto's Armour Shop.
   954 | D:2      | Identified the +1 ring mail "Noqifrim" {rC- rCorr Str+5
                  | Dex+4}
  1286 | D:3      | Reached XP level 4. HP: 40/40 MP: 3/3
  1324 | D:3      | Reached skill level 1 in Dodging
  1418 | D:3      | Noticed a phantom
  1431 | D:3      | Killed a phantom
  1432 | D:3      | Reached skill level 5 in Axes
  1432 | D:3      | Reached XP level 5. HP: 47/47 MP: 4/4
  1502 | D:3      | Found a bloodstained altar of Trog.
  1503 | D:3      | Noticed a wizard
  1509 | D:3      | Killed a wizard
  2108 | D:4      | Noticed a phantom
  2116 | D:4      | Killed a phantom
  2117 | D:4      | Reached XP level 6. HP: 53/53 MP: 5/5
  2980 | D:5      | Entered Level 5 of the Dungeon
  2985 | D:5      | Identified the +0 robe "Pyabatuoqo" {rElec Regen+ Archmagi}
  3068 | D:5      | Reached skill level 5 in Fighting
  3148 | D:5      | Reached XP level 7. HP: 61/61 MP: 6/6
  3275 | D:5      | Found a staircase to the Ecumenical Temple.
  3290 | Temple   | Entered the Ecumenical Temple
  3330 | Temple   | Became a worshipper of Gozag Ym Sagoz the Greedy
  3787 | D:5      | Reached XP level 8. HP: 68/70 MP: 7/7
  3900 | D:6      | Noticed Grinder
  3901 | D:6      | Paralysed by Grinder for 3 turns
  3907 | D:6      | Paralysed by Grinder for 5 turns
  3916 | D:6      | Paralysed by Grinder for 2 turns
  3925 | D:6      | Killed Grinder
  3926 | D:6      | Reached skill level 5 in Armour
  4140 | D:6      | Noticed Menkaure
  4148 | D:6      | Killed Menkaure
  4149 | D:6      | Reached skill level 10 in Axes
  4623 | D:6      | Noticed Maggie
  4638 | D:6      | Killed Maggie
  4639 | D:6      | Reached skill level 1 in Throwing
  5184 | D:7      | Reached XP level 9. HP: 58/79 MP: 8/8
  5756 | D:8      | Reached skill level 1 in Maces & Flails
  6133 | D:8      | Reached skill level 10 in Fighting
  6376 | D:8      | Reached XP level 10. HP: 89/93 MP: 9/9
  6386 | D:8      | Reached skill level 5 in Maces & Flails
  6568 | D:8      | Found a runed translucent gate.
  6569 | D:8      | Found a runed translucent gate.
  6570 | D:8      | Found a runed translucent gate.
  6579 | D:8      | Found an opulent altar of Gozag.
  6580 | D:8      | Noticed Lance11888's ghost (novice AtHs)
  6581 | D:8      | Noticed an eight-headed hydra
  7802 | D:9      | Found a blossoming altar of Fedhas.
  7971 | D:9      | Noticed a two-headed ogre
  7977 | D:9      | Killed a two-headed ogre
  8166 | D:10     | Entered Level 10 of the Dungeon
  8327 | D:10     | Reached XP level 11. HP: 61/104 MP: 10/10
  8330 | D:10     | Reached skill level 10 in Maces & Flails
  8496 | D:10     | Found a flagged portal.
  8625 | Bailey   | Entered a bailey
  8888 | Bailey   | Acquired 907 gold pieces
  8890 | Bailey   | Acquired a manual of Axes
  8993 | Bailey   | Noticed an orc knight
  9011 | Bailey   | Killed an orc knight
  9621 | Bailey   | Found an iron altar of Okawaru.
  9621 | Bailey   | Noticed an orc high priest
  9621 | Bailey   | Noticed an orc sorcerer
  9627 | Bailey   | Killed an orc high priest
  9632 | Bailey   | Killed an orc sorcerer
  9667 | Bailey   | Found the +5 robe of Night {Dark Will+ SInv}
  9677 | Bailey   | Identified the +2 leather armour of the Thistle {rPois
                  | Slay+2 Stlth+}
  9693 | Bailey   | Acquired the +1 buckler of the Gloaming {rN+++ Int-4
                  | Stlth+}
 10230 | D:10     | Found a sacrificial altar of Ru.
 10320 | D:11     | Noticed a red ugly thing
 10326 | D:11     | Killed a red ugly thing
 10344 | D:11     | Noticed Nergalle
 10355 | D:11     | Killed Nergalle
 10435 | D:11     | Noticed a two-headed ogre
 10443 | D:11     | Killed a two-headed ogre
 10444 | D:11     | Reached skill level 1 in Stealth
 10486 | D:11     | Found a staircase to the Orcish Mines.
 10815 | D:11     | Noticed a two-headed ogre
 10822 | D:11     | Killed a two-headed ogre
 11023 | D:11     | Found a staircase to the Lair.
 11026 | D:11     | Reached XP level 12. HP: 110/117 MP: 11/11
 11353 | D:11     | Noticed Josephine
 11397 | D:11     | Killed Josephine
 11430 | D:11     | Reached skill level 5 in Shields
 11854 | D:11     | Reached skill level 5 in Dodging
 12060 | D:12     | Noticed a centaur warrior
 12068 | D:12     | Killed a centaur warrior
 12190 | D:12     | Reached skill level 15 in Fighting
 12209 | D:12     | Identified the +7 plate armour of the Lute {-Cast +Blink
                  | Str+3}
 12405 | D:12     | Reached skill level 1 in Evocations
 12439 | D:12     | Reached XP level 13. HP: 126/126 MP: 12/12
 13332 | D:13     | Noticed a stone giant
 13352 | D:13     | Killed a stone giant
 13628 | Lair:1   | Entered Level 1 of the Lair of Beasts
 13974 | Lair:1   | Noticed Fannar
 13989 | Lair:1   | Killed Fannar
 14525 | Lair:1   | Identified the ring "Coiss" {rPois rF+ Slay+2}
 15885 | Lair:2   | Found a runed translucent door.
 15885 | Lair:2   | Found the +5 demon whip "Spellbinder" {antimagic, disrupt,
                  | Will+}
 15897 | Lair:2   | You fall into a shaft and drop 2 floors!
 15960 | Lair:4   | Bought a scroll of fear for 52 gold pieces
 15960 | Lair:4   | Bought a scroll of teleportation for 39 gold pieces
 16084 | Lair:4   | Reached skill level 10 in Armour
 16087 | Lair:4   | Reached skill level 5 in Evocations
 16775 | Lair:2   | Found a runed translucent gate.
 16777 | Lair:2   | Found a runed translucent gate.
 16817 | Lair:2   | Found a runed translucent gate.
 16817 | Lair:2   | Found a runed translucent gate.
 16817 | Lair:2   | Found a runed translucent gate.
 16818 | Lair:2   | Found a runed translucent gate.
 16833 | Lair:2   | Reached skill level 5 in Throwing
 16833 | Lair:2   | Reached XP level 14. HP: 123/138 MP: 4/13
 17396 | Lair:3   | Found a hide-covered altar of Uskayaw.
 17399 | Lair:3   | Found an ornate altar of the Wu Jian Council.
 17881 | Lair:3   | Found a staircase to the Swamp.
 17923 | Lair:3   | Found a staircase to the Snake Pit.
 18308 | Lair:4   | Found a runed translucent door.
 18308 | Lair:4   | Found a viscous altar of Jiyva.
 18308 | Lair:4   | Found a staircase to the Slime Pits.
 19039 | Lair:5   | Entered Level 5 of the Lair of Beasts
 19721 | Lair:5   | Reached skill level 15 in Maces & Flails
 19798 | Lair:5   | Identified the staff of earth "Sogil" {rF+ Int+2}
 20183 | D:10     | Found an ancient bone altar of Kikubaaqudgha.
 20244 | D:8      | Killed Lance11888's ghost
 20426 | Orc:1    | Entered Level 1 of the Orcish Mines
 20484 | Orc:1    | Noticed Sonja
 20511 | D:11     | Killed Sonja
 20571 | Orc:1    | Reached XP level 15. HP: 148/148 MP: 4/14
 20866 | Orc:2    | Entered Level 2 of the Orcish Mines
 21390 | Orc:2    | Paralysed by an orc sorcerer for 3 turns
 21448 | Orc:2    | Found Oqoekh's General Store.
 21536 | Orc:2    | Found Ynepa's Weapon Emporium.
 21656 | Orc:2    | Found Neemi's Magic Scroll Emporium.
 21656 | Orc:2    | Found Daowak's Antique Armour Boutique.
 21743 | Orc:2    | Bought the +3 pair of mountain boots {steadfast, rC+} for
                  | 837 gold pieces
 21743 | Orc:2    | Found the +3 pair of mountain boots {steadfast, rC+}
 22078 | Orc:2    | Found a staircase to the Elven Halls.
 22258 | Elf:1    | Entered Level 1 of the Elven Halls
 22620 | Snake:1  | Entered Level 1 of the Snake Pit
 22620 | Snake:1  | Noticed a nagaraja
 22668 | Swamp:1  | Entered Level 1 of the Swamp
 22713 | Swamp:1  | Noticed Roxanne
 22985 | Swamp:1  | Identified the +1 pair of boots "Fonun" {rC- rN++ Str+2}
 23609 | Swamp:2  | Reached skill level 10 in Shields
 24001 | Swamp:3  | Noticed a fenstrider witch
 24012 | Swamp:3  | Killed a fenstrider witch
 24109 | Swamp:3  | Noticed a thorn hunter
 24138 | Swamp:3  | HP: 2/151 [thorn hunter/volley of thorns (36)]
 24269 | Snake:1  | Killed a nagaraja
 24717 | Snake:1  | Reached XP level 16. HP: 73/160 MP: 5/15
 27903 | Snake:4  | Entered Level 4 of the Snake Pit
 28150 | Snake:4  | Reached skill level 15 in Armour
 28191 | Snake:4  | Found Foheink's Jewellery Emporium.
 28191 | Snake:4  | Found Zoiketz's Book Shop.
 28192 | Snake:4  | Found Hadeankeme's Book Shop.
 28214 | Snake:4  | Bought the amulet of the Air {Inacc Air Fly rElec RMsl} for
                  | 789 gold pieces
 28214 | Snake:4  | Found the amulet of the Air {Inacc Air Fly rElec RMsl}
 29490 | Snake:4  | Reached XP level 17. HP: 166/171 MP: 5/16
 29847 | Snake:4  | Got a serpentine rune of Zot
 30843 | Swamp:4  | Entered Level 4 of the Swamp
 31023 | Swamp:4  | Paralysed by a fenstrider witch for 4 turns
 31316 | Swamp:3  | Gained mutation: You occasionally shout uncontrollably at
                  | your foes. [mutagenic glow]
 31339 | Swamp:3  | Gained mutation: You are vulnerable to heat. (rF-)
                  | [mutagenic glow]
 31355 | Swamp:3  | Gained mutation: Your body sometimes deteriorates upon
                  | taking damage. [mutagenic glow]
 31384 | Swamp:3  | Gained mutation: You are clumsy. (Dex -2) [mutagenic glow]
 31434 | Swamp:3  | Lost mutation: You are vulnerable to heat. (rF-) [potion of
                  | mutation]
 31434 | Swamp:3  | Lost mutation: You are clumsy. (Dex -2) [potion of
                  | mutation]
 31434 | Swamp:3  | Lost mutation: You occasionally shout uncontrollably at
                  | your foes. [potion of mutation]
 31844 | Swamp:4  | Noticed the 27-headed Lernaean hydra
 31855 | Swamp:4  | Killed the 27-headed Lernaean hydra
 31862 | Swamp:4  | Got a decaying rune of Zot
 32403 | D:11     | Bought a potion of heal wounds for 100 gold pieces
 32403 | D:11     | Bought a potion of heal wounds for 100 gold pieces
 32713 | D:13     | Noticed Nessos
 32751 | D:13     | Killed Nessos
 33059 | D:13     | Found a gate to the Vaults.
 33123 | D:13     | Reached XP level 18. HP: 90/182 MP: 5/17
 34635 | D:15     | Entered Level 15 of the Dungeon
 35655 | D:15     | Found a staircase to the Depths.
 35763 | D:15     | Noticed Kirke
 35780 | D:15     | Killed Kirke
 36354 | Orc:2    | Bought a potion of lignification for 42 gold pieces
 36354 | Orc:2    | Bought a potion of curing for 42 gold pieces
 37693 | Elf:1    | Identified the staff of conjuration "Heijuts" {Will+ SInv}
 37961 | Elf:1    | Found a shimmering blue altar of Sif Muna.
 38124 | Elf:1    | Found an ancient bone altar of Kikubaaqudgha.
 39089 | Elf:1    | Noticed a Brimstone Fiend
 39097 | Elf:1    | Noticed a Brimstone Fiend
 39105 | Elf:1    | Found a runed translucent gate.
 39105 | Elf:1    | Found a runed translucent gate.
 39105 | Elf:1    | Found a runed translucent gate.
 39105 | Elf:1    | Found a runed translucent gate.
 39105 | Elf:1    | Found a runed translucent gate.
 39117 | Elf:1    | Found a runed translucent gate.
 39131 | Elf:1    | Lost intelligence.
 39254 | Elf:1    | Lost mutation: Your body sometimes deteriorates upon taking
                  | damage. [potion of mutation]
 39254 | Elf:1    | Gained mutation: Your magical capacity is low. (-10% MP)
                  | [potion of mutation]
 39254 | Elf:1    | Gained mutation: You are partially covered in iridescent
                  | scales. (AC +2) [potion of mutation]
 39254 | Elf:1    | Gained mutation: Your muscles are strong. (Str +4, Int/Dex
                  | -1) [potion of mutation]
 39289 | Elf:1    | Reached XP level 19. HP: 125/193 MP: 5/16
 39762 | Elf:2    | Found a runed translucent gate.
 39763 | Elf:2    | Found a runed translucent gate.
 39763 | Elf:2    | Found a runed translucent gate.
 40084 | Elf:2    | Paralysed by an air elemental for 1 turns
 40126 | Elf:2    | Reached skill level 15 in Shields
 40529 | Elf:2    | Found Mahaffuw's Jewellery Shop.
 40659 | Elf:1    | Found a radiant altar of Vehumet.
 40801 | Elf:3    | Entered Level 3 of the Elven Halls
 40811 | Elf:3    | Found a runed translucent gate.
 40811 | Elf:3    | Found a runed translucent gate.
 40811 | Elf:3    | Found a runed translucent gate.
 40814 | Elf:3    | Noticed Jeyniew's ghost (adept TrMo)
 40824 | Elf:3    | Found Fuuras's Magic Scroll Shoppe.
 40832 | Elf:3    | Bought a scroll of teleportation for 54 gold pieces
 40912 | Elf:3    | Paralysed by an air elemental for 1 turns
 40994 | Elf:3    | Found a frozen archway.
 41056 | IceCv    | Entered an ice cave
 41988 | Elf:3    | Found Coret's General Store.
 41994 | Elf:3    | Bought 2 potions of curing for 102 gold pieces
 42032 | Elf:3    | Noticed Zenata
 42057 | Elf:3    | Killed Zenata
 43365 | Abyss:2  | Found a corrupted altar of Lugonu.
 43365 | Abyss:2  | Cast into level 2 of the Abyss (+0 eveningstar of
                  | distortion)
 43744 | Elf:2    | Escaped the Abyss
 43936 | Elf:2    | Reached XP level 20. HP: 155/204 MP: 5/17
 44387 | Elf:3    | Killed Jeyniew's ghost
 44388 | Elf:3    | Reached skill level 5 in Stealth
 44390 | Elf:3    | Lost mutation: Your muscles are strong. (Str +4, Int/Dex
                  | -1) [mutagenic glow]
 44400 | Elf:2    | Gained mutation: Your body sometimes deteriorates upon
                  | taking damage. [mutagenic glow]
 44458 | Elf:2    | Lost mutation: Your body sometimes deteriorates upon taking
                  | damage. [potion of mutation]
 44458 | Elf:2    | Lost mutation: You are partially covered in iridescent
                  | scales. (AC +2) [potion of mutation]
 44458 | Elf:2    | Gained mutation: You expend magic power (3 MP) to
                  | strengthen your wands. [potion of mutation]
 44458 | Elf:2    | Gained mutation: Your magical capacity is very low. (-20%
                  | MP) [potion of mutation]
 44713 | Elf:3    | Identified the ring of False Pretenses {Fly rPois rN+}
 44999 | Elf:3    | Identified the +1 robe "Sylell" {rPois rN+ Int+5 Dex-3}
 45012 | Abyss:3  | Cast into level 3 of the Abyss (deep elf sorcerer)
 45192 | Elf:3    | Escaped the Abyss
 45199 | Elf:3    | Identified the +2 scale mail "Xypeq" {*Corrode rN+ Dex+3}
 45199 | Elf:3    | Identified the ring "Ziynon" {Int+9 Dex+6 Stlth-}
 45224 | Elf:3    | Identified the +0 leather armour "Ystoxzezegh" {rF+ Str+3}
 45683 | Elf:3    | Identified the +1 hat of Miracles {Str+4}
 46030 | Elf:3    | Identified the amulet "Tush" {Spirit Int+7 Stlth-}
 46068 | Elf:3    | HP: 7/205 [deep elf annihilator/crystal spear (76)]
 46070 | Elf:3    | HP: 2/205 [poisoned by a deep elf annihilator (poison
                  | arrow)]
 46560 | Orc:2    | Bought a twisted leather armour for 175 gold pieces
 46560 | Orc:2    | Identified the +1 leather armour of the Cicada {Fly rElec
                  | rC- Str+4} (You bought it in a shop on level 2 of the
                  | Orcish Mines)
 46571 | Orc:2    | Bought a scroll of enchant armour for 97 gold pieces
 46571 | Orc:2    | Bought a scroll of enchant armour for 97 gold pieces
 46623 | D:11     | Bought a fine tower shield for 332 gold pieces
 46623 | D:11     | Identified the +11 tower shield of Hedge Wizardry {Will++
                  | Stlth+} (You bought it in a shop on level 11 of the
                  | Dungeon)
 46652 | D:11     | Bought a +0 pair of gloves of strength for 172 gold pieces
 46674 | D:11     | Bought the +8 orange crystal plate armour {Archmagi, Int+3
                  | Clar} for 2167 gold pieces
 46674 | D:11     | Found the +8 orange crystal plate armour {Archmagi, Int+3
                  | Clar}
 46786 | Vaults:1 | Entered Level 1 of the Vaults
 47850 | Vaults:1 | Found Fiumeoq's General Store.
 47859 | Vaults:1 | Bought a potion of heal wounds for 80 gold pieces
 48609 | Vaults:2 | Found a staircase to the Crypt.
 49090 | Vaults:2 | Reached XP level 21. HP: 215/215 MP: 5/15
 49579 | Vaults:2 | Found Luacki's Antique Armour Emporium.
 49927 | Vaults:2 | Identified the +7 mace of Tugiorirr {flame, rElec SInv}
 50239 | Vaults:3 | Found Jischyth's Armour Boutique.
 50513 | Vaults:3 | Found Faleph's Weapon Shop.
 51384 | Vaults:3 | Found the +8 storm bow {elec, penet}
 51512 | Vaults:3 | Reached skill level 1 in Ranged Weapons
 51711 | Vaults:3 | Found Lyomyf's Antique Armour Emporium.
 51712 | Vaults:3 | Found Hovoick's Armour Shoppe.
 52248 | Vaults:4 | Reached skill level 1 in Polearms
 52670 | Vaults:4 | Reached skill level 5 in Ranged Weapons
 52701 | Vaults:4 | Reached skill level 5 in Polearms
 52782 | Vaults:4 | Reached XP level 22. HP: 189/226 MP: 5/16
 53776 | Depths:1 | Entered Level 1 of the Depths
 53776 | Depths:1 | Found a one-way gateway to a ziggurat.
 54715 | Depths:1 | Found a one-way gate to the infinite horrors of the Abyss.
 54733 | Depths:1 | Acquired a manual of Shields
 54908 | Depths:1 | Found a gateway to Hell.
 54909 | Depths:1 | Found an iron altar of Okawaru.
 54935 | Depths:1 | Identified the ring of the Battered Ships {rCorr Str+2
                  | Dex+6}
 55062 | Depths:1 | Found a hazy altar of Hepliaklqana.
 55225 | Depths:2 | Found Quvefuawn's Armour Shoppe.
 55225 | Depths:2 | Found Emuoffic's Book Emporium.
 55646 | Depths:2 | Reached skill level 10 in Polearms
 56315 | Depths:2 | Found a one-way gate leading to the halls of Pandemonium.
 56389 | Depths:2 | Found Vynopaem's Jewellery Shoppe.
 56402 | Depths:2 | Found Nuboalei's Magic Scroll Emporium.
 56421 | Depths:2 | Bought a scroll of teleportation for 54 gold pieces
 56421 | Depths:2 | Bought a scroll of blinking for 135 gold pieces
 56573 | Depths:2 | Found Elufih's Book Boutique.
 56814 | Depths:2 | Reached skill level 10 in Ranged Weapons
 57369 | Depths:2 | Found a glowing golden altar of the Shining One.
 57571 | Depths:2 | Identified the +9 trident of Gesto {flame, rF+ rC++ Str-4
                  | Int+2}
 58200 | Abyss:3  | Found a corrupted altar of Lugonu.
 58200 | Abyss:3  | Cast into level 3 of the Abyss (a wizard)
 58409 | Abyss:4  | Found a corrupted altar of Lugonu.
 58582 | Abyss:4  | Noticed an ancient lich
 58600 | Abyss:4  | Killed an ancient lich
 58603 | Abyss:4  | Paralysed by accursed screaming for 2 turns
 58662 | Abyss:4  | Got an abyssal rune of Zot
 58668 | Abyss:4  | Paralysed by accursed screaming for 2 turns
 58687 | Depths:3 | Escaped the Abyss
 59374 | Depths:3 | Reached XP level 23. HP: 207/231 MP: 17/17
 59866 | Abyss:4  | Found a corrupted altar of Lugonu.
 59866 | Abyss:4  | Cast into level 4 of the Abyss (a wizard)
 59910 | Abyss:4  | Found a corrupted altar of Lugonu.
 60216 | Abyss:4  | Found a corrupted altar of Lugonu.
 60313 | Depths:3 | Escaped the Abyss
 60336 | Depths:3 | Noticed an ancient lich
 60363 | Depths:3 | Killed an ancient lich
 60609 | Depths:3 | Found a shadowy altar of Dithmenos.
 60753 | Depths:3 | Found Ohiurgh's Fire Supplies.
 60807 | Depths:3 | Bought a +1 cloak of fire resistance for 330 gold pieces
 60821 | Depths:3 | Noticed an ancient lich
 60843 | Depths:3 | Killed an ancient lich
 61194 | Depths:4 | Entered Level 4 of the Depths
 61271 | Depths:4 | Found a gate to the Realm of Zot.
 62452 | Depths:4 | Found a shimmering altar of Xom.
 63434 | Elf:3    | Identified the ring of Kitui {rPois Will+ Str+6 Int+2}
 63474 | Elf:3    | Got the Information on the Grave and the Compass
 63477 | Elf:3    | Got the Compilation of Forces and Evil Ceremonies
 63492 | Elf:3    | Identified the staff of fire "Ulopim Guusa" {rElec rF+ rN+
                  | Str-5 Dex+3}
 64004 | Slime:1  | Entered Level 1 of the Pits of Slime
 64553 | Slime:2  | Found a viscous altar of Jiyva.
 65204 | Slime:1  | Gained mutation: You are dopey. (Int -2) [a shining eye]
 65211 | Slime:1  | Gained mutation: You are frail. (-10% HP) [a shining eye]
 65527 | Slime:3  | Gained mutation: Your magical capacity is extremely low.
                  | (-30% MP) [a shining eye]
 65691 | Slime:3  | Gained mutation: You are vulnerable to heat. (rF-) [a
                  | shining eye]
 66337 | Slime:4  | Reached XP level 24. HP: 218/220 MP: 5/15
 66695 | Slime:5  | Entered Level 5 of the Pits of Slime
 66921 | Slime:5  | Gained mutation: You occasionally lose the ability to read
                  | scrolls when taking damage. [a shining eye]
 66946 | Slime:5  | Gained mutation: You sometimes lose your temper in combat.
                  | [a shining eye]
 67387 | Slime:5  | Found a viscous altar of Jiyva.
 67463 | Slime:5  | Noticed the Royal Jelly
 67482 | Slime:5  | Killed the Royal Jelly
 67549 | Slime:5  | Found the amulet of Vitality {RegenMP++ Regen++}
 67628 | Slime:5  | Identified the staff of cold "Ubru" {rElec rC+ Dex+4}
 67666 | Slime:5  | Identified the staff of cold "Vuj Roelu" {rC+ Int+7}
 67689 | Slime:5  | Identified the ring of Tuwno {rPois rC+ Dex+6}
 67717 | Slime:5  | Identified the ring "Odep" {Drain Fly rElec rN++ Dex+6}
 67720 | Slime:5  | Lost mutation: You expend magic power (3 MP) to strengthen
                  | your wands. [potion of mutation]
 67720 | Slime:5  | Lost mutation: You occasionally lose the ability to read
                  | scrolls when taking damage. [potion of mutation]
 67720 | Slime:5  | Lost mutation: Your magical capacity is extremely low.
                  | (-30% MP) [potion of mutation]
 67720 | Slime:5  | Lost mutation: You are vulnerable to heat. (rF-) [potion of
                  | mutation]
 67720 | Slime:5  | Gained mutation: Your muscles are strong. (Str +4, Int/Dex
                  | -1) [potion of mutation]
 67720 | Slime:5  | Gained mutation: You have a somewhat thin skeletal
                  | structure. (Dex +2, Stealth+) [potion of mutation]
 67721 | Slime:5  | Lost mutation: You have a somewhat thin skeletal structure.
                  | (Dex +2, Stealth+) [potion of mutation]
 67721 | Slime:5  | Lost mutation: Your muscles are strong. (Str +4, Int/Dex
                  | -1) [potion of mutation]
 67721 | Slime:5  | Gained mutation: You are weak. (Str -2) [potion of
                  | mutation]
 67721 | Slime:5  | Gained mutation: You are very frail. (-20% HP) [potion of
                  | mutation]
 67721 | Slime:5  | Gained mutation: You do not regenerate when monsters are
                  | visible. [potion of mutation]
 67722 | Slime:5  | Lost mutation: You are very frail. (-20% HP) [potion of
                  | mutation]
 67722 | Slime:5  | Lost mutation: You are weak. (Str -2) [potion of mutation]
 67722 | Slime:5  | Lost mutation: You are dopey. (Int -2) [potion of mutation]
 67722 | Slime:5  | Gained mutation: You are very frail. (-20% HP) [potion of
                  | mutation]
 67723 | Slime:5  | Lost mutation: You sometimes lose your temper in combat.
                  | [potion of mutation]
 67723 | Slime:5  | Lost mutation: Your magical capacity is very low. (-20% MP)
                  | [potion of mutation]
 67723 | Slime:5  | Lost mutation: You are very frail. (-20% HP) [potion of
                  | mutation]
 67723 | Slime:5  | Lost mutation: You do not regenerate when monsters are
                  | visible. [potion of mutation]
 67723 | Slime:5  | Gained mutation: Your mind is acute. (Int +4, Str/Dex -1)
                  | [potion of mutation]
 67724 | Slime:5  | Lost mutation: Your mind is acute. (Int +4, Str/Dex -1)
                  | [potion of mutation]
 67724 | Slime:5  | Lost mutation: You are frail. (-10% HP) [potion of
                  | mutation]
 67724 | Slime:5  | Lost mutation: Your magical capacity is low. (-10% MP)
                  | [potion of mutation]
 67724 | Slime:5  | Gained mutation: Your flesh is heat resistant. (rF+)
                  | [potion of mutation]
 67730 | Slime:5  | Got a slimy rune of Zot
 67819 | Slime:5  | Identified the staff of air "Januocra" {rElec Str-3 Dex+3}
 67838 | Slime:5  | Identified the +6 lajatang of Esiqocw {antimagic, rC+ Str+3
                  | Dex+2}
 68424 | Crypt:1  | Entered Level 1 of the Crypt
 68566 | Vaults:5 | Entered Level 5 of the Vaults
 68968 | Vaults:5 | Noticed a dread lich
 68989 | Vaults:5 | Killed a dread lich
 69277 | Vaults:5 | Identified the +7 spear of Chance {flame, rC+}
 69450 | Vaults:5 | Identified the ring "Jitisyem" {Wiz rElec Int+5}
 69609 | Vaults:5 | Identified the +11 war axe of the Bedazzling Enemy {heavy,
                  | *Corrode +Blink rF++ Str+3}
 69614 | Vaults:5 | Identified the staff of fire "Gagu" {Fragile rF+ rN+ Dex+2}
 69688 | Vaults:5 | Found the +3 Mad Mage's Maulers {Infuse+∞ VampMP -Cast}
 70281 | Vaults:5 | Identified the +1 plate armour of Inevitability {-Cast
                  | Rampage rElec rC++}
 70529 | Vaults:5 | Found Teebros's Magic Scroll Emporium.
 70533 | Vaults:5 | Bought a scroll of teleportation for 45 gold pieces
 70533 | Vaults:5 | Bought a scroll of fear for 60 gold pieces
 70540 | Vaults:5 | Found Pigi's Distillery.
 70547 | Vaults:5 | Got a silver rune of Zot
 70619 | Vaults:5 | Bought a potion of curing for 69 gold pieces
 70619 | Vaults:5 | Bought a potion of mutation for 184 gold pieces
 70619 | Vaults:5 | Bought a potion of heal wounds for 115 gold pieces
 70619 | Vaults:5 | Bought a potion of might for 92 gold pieces
 70619 | Vaults:5 | Bought a potion of mutation for 184 gold pieces
 70921 | Vaults:5 | Got the Catalogue of the Evolved Volley
 70948 | Vaults:5 | Identified the staff of poison "Mockip" {Drain rPois rN+
                  | Will++ Stlth+}
 72049 | Hell     | Entered the Vestibule of Hell
 72049 | Hell     | Noticed Geryon
 72074 | Hell     | Killed Geryon
 72301 | Depths:1 | Reached XP level 25. HP: 242/252 MP: 6/22
 73197 | Hell     | Reached skill level 15 in Axes
 73494 | Hell     | Found a gateway to the decaying netherworld of Tartarus.
 73677 | Hell     | Found a gateway to the ashen valley of Gehenna.
 73799 | Hell     | Found a gateway to the Iron City of Dis.
 73840 | Hell     | Found a gateway to the freezing wastes of Cocytus.
 73967 | Geh:1    | Entered Level 1 of Gehenna
 74620 | Geh:1    | Found a basalt altar of Yredelemnul.
 74634 | Geh:1    | Reached skill level 10 in Evocations
 75360 | Geh:3    | Noticed a dread lich
 75368 | Geh:3    | Killed a dread lich
 75369 | Geh:3    | Reached skill level 27 in Fighting
 76730 | Geh:6    | Noticed an ancient lich
 76732 | Geh:6    | Killed an ancient lich
 76803 | Geh:6    | Reached skill level 27 in Shields
 77106 | Geh:7    | Entered Level 7 of Gehenna
 78071 | Geh:7    | Reached XP level 26. HP: 266/266 MP: 4/22
 78322 | Geh:7    | Identified the +3 robe "Axkoif" {rF- Str+4 SInv}
 78809 | Geh:7    | Identified the ring "Rul Jock" {EV+5 Dex+4}
 79019 | Geh:7    | Got the Spellbook of Skeletons and Outbursts
 79020 | Geh:7    | Identified the staff of death "Cicvec" {rN+ SInv}
 79021 | Geh:7    | Identified the amulet of Leqarog {Reflect Harm rPois SH+5}
 79316 | Geh:7    | Found the +13 sceptre of Asmodeus
 79316 | Geh:7    | Noticed Asmodeus
 79328 | Geh:7    | HP: 10/266 [hellion/damnation[Asmodeus] (30)]
 79328 | Geh:7    | Killed from afar by a hellion

Illustrated notes

Levels and vault maps discovered:
D:1:      amcnicky_arrival_gap_in_the_tavern_cellar, layout_basic
D:2:      layout_basic, serial_shops, shop_fountains
D:3:      layout_loops_corners, trog_wizard, serial_bayou_pond_a
D:4:      layout_basic
D:5:      old_forge, layout_gridville, minmay_temple_entry_offerings
D:6:      layout_basic, uniq_grinder, uniq_maggie, uniq_menkaure
D:7:      layout_loops_ring
D:8:      layout_basic, ebering_ghost_gozag, eino_jars
D:9:      layout_roguey, mainiacjoe_overflow_tiny_flanked,
          minmay_gold_behind_fungi
D:10:     layout_long_grid, nicolae_overflow_hidden_temple, enter_bailey_3,
          chequers_avenue
D:11:     hangedman_screamer, layout_irregular_city, erik_lair_dragon,
          kennysheep_orc_monster_closet_entryway, uniq_nergalle
D:12:     minmay_inner_zag, layout_basic, serial_bayou_lake_a
D:13:     cheibrodos_monumental, layout_rooms,
          lightli_vaults_fourway_checkpoint, minivault_4, uniq_nessos,
          uniq_josephine
D:14:     layout_irregular_city
D:15:     gammafunk_enter_depths_forms, layout_loops_ring, bh_walls_and_bars,
          onia_ninara_cookie, uniq_kirke
Temple:   sentei_temple_godly_chess
Lair:1:   layout_gridlike, nzn_random_ring, infiniplex_staircase_pool_2,
          uniq_fannar
Lair:2:   gammafunk_indiana_jones, layout_layer_cave
Lair:3:   layout_regular_city, palyth_hydra_swamp_entry,
          nicolae_snake_entry_warm_welcome, nzn_masters_of_martial_movement
Lair:4:   layout_small_grid, slime_entry_2
Lair:5:   evilmike_catoblepas_cave, layout_misc_corridors,
          infiniplex_staircase_pool
Swamp:1:  layout_basic_swamp, hangedman_swamp_ruin_wall, uniq_roxanne
Swamp:2:  layout_basic_swamp, nicolae_swamp_oxbows, swamp_pool2
Swamp:3:  layout_basic_swamp, evilmike_swamp_ruin_house_5
Swamp:4:  grunt_swamp_rune_castle, layout_basic_swamp
Snake:1:  layout_grid_maze
Snake:2:  layout_rooms, serial_curves, eino_curves_02, eino_curves_03,
          eino_curves_03
Snake:3:  layout_grid_maze, serial_bayou_pond_a, nicolae_snake_coiling_death
Snake:4:  snake_pit, layout_layer_cave, minmay_shop_grove
Slime:1:  layout_caves
Slime:2:  layout_caves, basic_altar
Slime:3:  layout_caves
Slime:4:  layout_caves
Slime:5
Orc:1:    layout_caves, uniq_sonja
Orc:2:    st_orc_town, layout_caves
Elf:1:    minmay_elf_arrival_plus, layout_gridlike, hangedman_elf_disciples,
          nicolae_twisting_strands, hangedman_elf_simple_split,
          hangedman_elf_targetted_burst, orc_legates, lemuel_upstairs_altar
Elf:2:    nicolae_elf_blades_crystal_corner, layout_gridlike, serial_shops,
          shop, nicolae_concentric_dashed_squares_mild
Elf:3:    minmay_elf_hall_spiked, layout_gridlike,
          portal_ice_cave_entry_ice_statue_two, serial_shops, shop, shop_statue,
          gammafunk_ghost_tricky_traps, uniq_zenata
Vaults:1: nicolae_vaults_ellipses_ellipsis, nicolae_vaults_trapezoid_4,
          nicolae_vaults_octothorpe, nicolae_vaults_shipping_containers_7,
          nicolae_vaults_little_squares_3, nicolae_vaults_tetromino_L_2,
          dpeg_vaults_monster_box, ontoclasm_vaults_ring_square,
          vaults_dpeg_spiral, layout_vaults_omnicross, serial_shops,
          nicolae_shop_crystal
Vaults:2: nicolae_vaults_big_ls, v_pattern_2, nicolae_vaults_closet_pinwheel_4,
          nicolae_vaults_house_3, vaults_room_octagon,
          nicolae_vaults_fighting_squares, nicolae_vaults_tangram_1,
          nicolae_vaults_door_testing_chamber, ontoclasm_vaults_ring_small,
          nicolae_vaults_tetromino_L_2, v_misc_12,
          minmay_crypt_entry_simple_corners, nicolae_vaults_tetromino_L_2,
          nicolae_vaults_hexular_roomagon, ontoclasm_vaults_twist,
          layout_vaults_maze_snakey, serial_shops, shop
Vaults:3: st_cross, grunt_vaults_funnel, nicolae_vaults_doubleplus_tesselated,
          v_alt_pattern_4, nicolae_vaults_yaktaur_gun_rack,
          nicolae_vaults_weapon_check, v_rooms_5,
          nicolae_vaults_closet_pinwheel_5, serial_ice_m, v_misc_17,
          nicolae_vaults_tetromino_Z_2, layout_vaults_big_room, serial_shops,
          nicolae_shop_statue_plus, shop, nicolae_shop_rolling_square, shop
Vaults:4: nicolae_vaults_storage_closets_1, v_rooms_5, vaults_room_pools,
          vaults_dpeg_cross, v_misc_25, grunt_vaults_hallway_long,
          vaults_dpeg_doors, vaults_standard_mumra_x,
          nicolae_vaults_storage_room_statues, ontoclasm_vaults_ring_small,
          ontoclasm_vaults_decontamination, vaults_room_hallway,
          v_alt_pattern_6, layout_vaults_omnibox
Vaults:5: serial_shops, uniq_margery
Crypt:1:  layout_basic, lemuel_mausoleum_altar_kikubaaqudgha, grunt_megastairs_1
Depths:1: layout_cave_shapes, enter_ziggurat_f, okawaru_trees_1, abyss_entry,
          hell_entry, nicolae_hepliaklqana_monster_ancestors,
          serial_bayou_shore_a
Depths:2: kennysheep_demon_jail, layout_small_grid, serial_shops, shop, shop,
          nicolae_shop_statue_plus, shop, nicolae_diamond_shop, hellmouth_2,
          grunt_pan_entry_spiral, solitary_fountain,
          nicolae_tso_swordbearing_angel
Depths:3: minmay_tri_stars, layout_cave_pools, chequers_serial_rivers_small_b,
          hellmouth_1, abyss_entry, hangedman_abyss_or_decor_slice,
          nicolae_shop_fire_sale [nicolae_sub_dead_trees],
          nicolae_dithmenos_through_a_glass_darkly, infiniplex_staircase_river
Depths:4: grunt_zot_entry_pinwheel, layout_small_grid, xom_teletrap_fun,
          hell_entry
Hell
Geh:1:    layout_gehenna_pools_box, nicolae_geh_fiery_graves
          [nicolae_geh_single_fiery_grave, nicolae_geh_single_fiery_grave,
          nicolae_geh_single_fiery_grave, nicolae_geh_single_fiery_grave,
          nicolae_geh_single_fiery_grave, nicolae_geh_single_fiery_grave,
          nicolae_geh_single_fiery_grave, nicolae_geh_single_fiery_grave,
          nicolae_geh_single_fiery_grave], lemuel_hellish_altar
Geh:2:    layout_gehenna_lava_caves
Geh:3:    layout_gehenna_lava_caves
Geh:4:    layout_gehenna_pools_box
Geh:5:    layout_gehenna_pools_basic
Geh:6:    layout_gehenna_lava_caves
Geh:7:    evilmike_geh

Skill      XL: |  1  2  3  4  5  6  7  8  9 10 11 12 13 14 15 16 17 18 19 20 21 22 23 24 25 |
---------------+----------------------------------------------------------------------------+-----
Armour         | 4 6 7 8 10 12 13 15 16 17 18 19 20 21 22 | 22.4
Axes           | 3 4 5 6 7 9 11 14 20 | 20.8
Fighting       | 4 5 6 7 10 12 14 15 16 17 19 20 21 22 23 24 25 26 27 | 27.0
Shields        | 4 6 7 9 10 12 13 14 16 18 20 24 25 27 | 27.0
Dodging        | 1 3 5 6 7 |  7.2
Throwing       | 2 3 4 5 6 |  6.0
Maces & Flails | 4 9 11 14 15 16 18 19 20 21 22 23 24 | 24.2
Stealth        | 1 2 3 4 5 |  5.6
Evocations     | 1 5 7 8 9 11 | 11.4
Ranged Weapons | 5 10 11 | 11.0
Polearms       | 5 12 | 12.9

Action                     |  1- 3 |  4- 6 |  7- 9 | 10-12 | 13-15 | 16-18 | 19-21 | 22-24 | 25-27 || total
---------------------------+-------+-------+-------+-------+-------+-------+-------+-------+-------++-------
  Melee: War axe           |    98 |    85 |   113 |       |       |       |       |   120 |   473 ||   889
         Headbutt          |    11 |    13 |    46 |   100 |   294 |   386 |   567 |   772 |   105 ||  2294
         Morningstar       |       |       |    72 |   444 |   379 |       |       |       |       ||   895
         Demon whip        |       |       |       |       |   837 |  1802 |  2283 |  2392 |       ||  7314
         Scythe            |       |       |       |       |       |       |       |   144 |       ||   144
   Fire: Longbow           |       |       |       |       |       |       |       |    25 |       ||    25
  Throw: Stone             |       |     3 |     8 |       |       |       |       |       |       ||    11
         Dart              |       |     1 |    15 |    23 |    17 |       |       |     2 |       ||    58
         Boomerang         |       |       |       |       |     3 |       |       |     2 |       ||     5
         Javelin           |       |       |       |       |       |     1 |     4 |    11 |       ||    16
 Invoke: Call Merchant     |       |       |       |       |     1 |     1 |     3 |       |       ||     5
         Potion Petition   |       |       |       |       |       |       |       |     1 |       ||     1
Ability: Evoke Blink       |       |       |       |       |       |     1 |     2 |       |     1 ||     4
  Evoke: Lightning rod     |       |       |       |       |       |       |       |     4 |       ||     4
         Wand              |       |       |       |       |       |       |       |     1 |       ||     1
         Phantom mirror    |       |       |       |       |       |       |       |       |     1 ||     1
    Use: Scroll            |       |       |       |     3 |    24 |     6 |     5 |     6 |       ||    44
         Potion            |       |       |       |     3 |     3 |     2 |     2 |    15 |     2 ||    27
   Stab: Held in net/web   |       |       |     1 |       |       |       |       |       |       ||     1
         Distracted        |       |       |     2 |     1 |     5 |    12 |    15 |    14 |     6 ||    55
         Sleeping          |       |       |       |     3 |       |       |       |       |       ||     3
         Petrified         |       |       |       |       |       |    18 |       |       |       ||    18
         Petrifying        |       |       |       |       |       |     3 |       |       |       ||     3
 Armour: Scale mail        |    67 |       |       |       |       |       |       |       |       ||    67
         Ring mail         |     1 |    25 |    26 |   147 |       |       |       |       |       ||   199
         Plate armour      |       |       |       |    21 |   386 |   840 |   336 |       |       ||  1583
         Crystal plate arm |       |       |       |       |       |       |   230 |   822 |   290 ||  1342
  Dodge: Dodged            |    66 |    51 |   105 |   339 |   507 |   628 |   321 |   361 |   129 ||  2507
         Repelled          |       |       |       |       |       |    37 |    18 |    15 |     5 ||    75
  Block: Buckler           |    34 |    19 |    33 |   127 |   231 |   431 |    34 |       |       ||   909
         Kite shield       |       |       |       |       |       |    13 |   288 |       |       ||   301
         Tower shield      |       |       |       |       |       |       |  1014 |  2208 |   658 ||  3880
